 Dungeon Crawl Stone Soup version 0.31-a0-204-g7da18cac08 (webtiles) character file.

Game seed: 8834191669636151112

45 qw the Shooter (level 3, -1/20 HPs)
             Began as a Deep Elf Hunter on June 27, 2023.
             Killed from afar by Sigmund (3 damage)
             ... with a magic dart
             ... on level 2 of the Dungeon.
             The game lasted 00:00:23 (922 turns).

qw the Shooter (Deep Elf Hunter)                     Turns: 922, Time: 00:00:24

Health: -1/20      AC:  5    Str: 10    XL:     3   Next: 42%
Magic:  5/5        EV: 11    Int: 13    God:
Gold:   153        SH:  0    Dex: 18    Spells: 2/2 levels left

rFire   . . .        Y - +0 shortbow
rCold   . . .        (shield currently unavailable)
rNeg    . . .        j - +0 ring mail
rPois   .            (no helmet)
rElec   .            (no cloak)
rCorr   +            (no gloves)
SInv    .            (no boots)
Will    .....        (no amulet)
Stlth   +            d - ring of resist corrosion
HPRegen 0.23/turn    (no ring)
MPRegen 0.09/turn

%: no passive effects
@: about to teleport
A: no striking features
a: no special abilities


You were on level 2 of the Dungeon.
You visited 1 branch of the dungeon, and saw 2 of its levels.

You collected 153 gold pieces.


   Skills:
 - Level 1.5 Fighting
 + Level 7.0 Ranged Weapons
 - Level 2.4 Dodging
 - Level 1.2 Stealth


You had 2 spell levels left.
You didn't know any spells.
Your spell library was empty.

Inventory:

Hand Weapons
 Y - a +0 shortbow (weapon)
Armour
 j - a +0 ring mail (worn)
Jewellery
 d - a ring of resist corrosion (left hand)
Scrolls
 a - 2 scrolls of teleportation
 c - a scroll of enchant weapon {unknown}
Potions
 b - 3 potions of might {unknown}
 e - a potion of haste {unknown}
 f - a potion of degeneration {unknown}
 h - a potion of enlightenment {unknown}
 i - a potion of curing {unknown}

Dungeon Overview and Level Annotations

Branches:
Dungeon (2/15)

Altars:

Annotations:
D:2 Sigmund


Message History

A jackal comes into view.
You shoot an arrow. The arrow hits the jackal.
You kill the jackal!
You start resting.
A dart slug comes into view.
You shoot an arrow.
The arrow hits the dart slug but does no damage.
You shoot an arrow. The arrow hits the dart slug!
The dart slug is severely wounded.
Sigmund the Dreaded comes into view.
He is wielding a +6 scythe of protection.
You shoot an arrow.
The arrow hits the dart slug but does no damage.
The dart slug is severely wounded.
Sigmund gestures at you while chanting. The magic dart hits you!
A rat comes into view.
You shoot an arrow. The arrow hits the dart slug!
You kill the dart slug!
Your Ranged Weapons skill increases to level 7!
You shoot an arrow. The arrow hits the rat.
You kill the rat!
You shoot an arrow. The arrow closely misses Sigmund.
You shoot an arrow.
The arrow hits Sigmund but does no damage.
You shoot an arrow.
The arrow hits Sigmund but does no damage.
Sigmund completely misses you.
You shoot an arrow. The arrow hits Sigmund.
Sigmund is moderately wounded.
Sigmund hits you from afar with a +6 scythe of protection!
Ouch! That really hurt!
921 ||| READING 3 scrolls of teleportation.
As you read the scroll of teleportation, it crumbles to dust.
You feel strangely unstable.
A rat comes into view.
You shoot an arrow. The arrow hits Sigmund.
Sigmund is moderately wounded.
Sigmund gestures at you while chanting. The magic dart hits you.
You die...

#.r. ..## ...%
$..####...
+###........### ##
.%%@..##..... ....
#%.........##..#..
#.@.####...##..#..#
#..........##..#...
+..######..>.......
#..................
#.########..##.#...
#. .........##.#...
## ##..#+##.##.#...
.. #.##.#...
###.##.##.#.%.


You could see Sigmund and a rat.

Vanquished Creatures
  3 dart slugs
  6 ball pythons
  2 endoplasms (D:1)
  2 goblins (D:1)
  4 hobgoblins
  4 jackals (D:2)
  A quokka (D:1)
  3 bats
  5 frilled lizards
  4 kobolds (D:1)
  4 rats
38 creatures vanquished.

Notes
Turn   | Place    | Note
-------+----------+-------------------------------------------
     0 | D:1      | qw the Deep Elf Hunter began the quest for the Orb.
     0 | D:1      | Reached XP level 1. HP: 12/12 MP: 3/3
     0 | D:1      | 0 ||| qw: Version: 0.3-a-22-g0ed2b0b
     0 | D:1      | 0 ||| qw: Game counter: 6555
     0 | D:1      | 0 ||| qw: Melee chars always use a shield: true
     0 | D:1      | 0 ||| qw: God list: Okawaru
     0 | D:1      | 0 ||| qw: Allow faded altars: false
     0 | D:1      | 0 ||| qw: Do Orc after clearing Dungeon:15 true
     0 | D:1      | 0 ||| qw: Do second Lair branch before Depths: true
     0 | D:1      | 0 ||| qw: Lair rune preference: random
     0 | D:1      | 0 ||| qw: Goals: Normal
     0 | D:1      | 0 ||| PLANNING D:1-11
   155 | D:1      | Reached skill level 6 in Ranged Weapons
   155 | D:1      | Reached XP level 2. HP: 14/16 MP: 4/4
   771 | D:1      | Reached XP level 3. HP: 20/20 MP: 5/5
   779 | D:1      | 779 ||| DROPPING scarf of harm.
   780 | D:1      | 780 ||| UPGRADING to +0 ring mail.
   790 | D:1      | 790 ||| DROPPING +0 leather armour.
   791 | D:1      | 791 ||| DROPPING amulet of magic regeneration.
   792 | D:1      | 792 ||| UPGRADING to ring of resist corrosion.
   793 | D:1      | 793 ||| READING 4 scrolls labelled UBBILU FETWO.
   797 | D:1      | 797 ||| READING scroll labelled YTIKHL FOOPO.
   798 | D:1      | 798 ||| DROPPING scroll of butterflies.
   913 | D:2      | Noticed Sigmund
   916 | D:2      | Reached skill level 7 in Ranged Weapons
   920 | D:2      | HP: 1/20 [Sigmund/+6 scythe of protection (13)]
   921 | D:2      | 921 ||| READING 3 scrolls of teleportation.
   922 | D:2      | Killed from afar by Sigmund

Levels and vault maps discovered:
D:1:      zelgadis_glass_arrival_small, layout_basic, minmay_hedge_maze,
          minmay_shallow_snake_nest
D:2:      layout_basic, basic_altar, minmay_misc_feat_more_columns, uniq_sigmund

Skill      XL: |  1  2  3 |
---------------+----------+-----
Ranged Weapons | 6 7 |  7.0
Fighting       | |  1.5
Dodging        | |  2.4
Stealth        | |  1.2

Action                     || total
---------------------------++-------
   Fire: Shortbow          ||    87
    Use: Scroll            ||     3
 Armour: Leather armour    ||     5
         Ring mail         ||     1
  Dodge: Dodged            ||    11

Table legend:
 A = Non-vault XP
 B = Vault XP
 C = Vault XP percentage of total XP
 D = Non-vault monster count
 E = Vault monster count
 F = Vault count percentage of total count
                 A         B        C        D         E       F
            +---------+---------+-------+---------+---------+-------
      Total |      61 |       4 |   6.2 |      36 |       2 |   5.3
            +---------+---------+-------+---------+---------+-------
        D:1 |      39 |       4 |   9.3 |      24 |       2 |   7.7
        D:2 |      22 |       0 |   0.0 |      12 |       0 |   0.0
            +---------+---------+-------+---------+---------+-------
